 Dungeon Crawl Stone Soup version 0.29.1-15-g9cfb28693d (webtiles) character file.

Game seed: 15921463176826338353

20341 javelincjr the Fighter (level 13, -12/96 HPs)
             Began as a Djinni Fire Elementalist on May 2, 2023.
             Was a Priest of Qazlal.
             Mangled by an enormous slime creature (62 damage)
             ... on level 12 of the Dungeon on May 3, 2023.
             The game lasted 01:10:04 (15269 turns).

javelincjr the Fighter (Djinni Fire Elementalist)  Turns: 15269, Time: 01:10:05

Health: -12/96     AC: 19    Str: 20    XL:     13   Next: 11%
Gold:   1124       EV: 16    Int: 23    God:    Qazlal [***...] SH: 14 Dex: 25

rFire   + + +      SeeInvis .   m - +8 long sword of Amorality {chaos, *Slow rElec Will+ Str+5}
rCold   x . .      Faith    .   z - +3 buckler {AC+3}
rNeg    . . .      Spirit   .   y - +5 scale mail "Xeamyack" {rElec rF+ Dex+4}
rPois   ∞          Reflect  .   T - +0 hat {Will+}
rElec   +          Harm     .   (no cloak)
rCorr   .          Rampage  .   B - +2 pair of gloves
Will    +++..                   (boots unavailable)
Stlth   +.........              S - amulet of the acrobat
HPRegen 0.26/turn               E - ring "Duhiaqo" {+Blink rElec Int+4 Dex+6}
MPRegen 0.00/turn               j - +6 ring of strength

@: flying
A: sickness immunity, fire resistance 2, cold vulnerability 1, float, innate
caster, HP casting, extra vitality 1
a: Renounce Religion, Evoke Blink, Upheaval, Elemental Force


You were on level 12 of the Dungeon.
You worshipped Qazlal.
Qazlal was most pleased with you.
You visited 2 branches of the dungeon, and saw 13 of its levels.

You collected 1124 gold pieces.

Inventory:

Hand Weapons
 m - the +8 long sword of Amorality (weapon) {chaos, *Slow rElec Will+ Str+5}
   (You found it on level 3 of the Dungeon)

   Each time it hits an enemy it has a different, random effect.
   Str:       It affects your strength (+5).
   rElec:     It insulates you from electricity.
   *Slow:     It may slow you when you take damage.
   Will:      It increases your willpower.
 P - the +4 arbalest of Wisdom {freeze, rPois rF+ Str+5}
   (You found it on level 9 of the Dungeon)

   Any ammunition fired from it freezes those it strikes, dealing additional
   cold damage.
   It can also slow down cold-blooded creatures.
   Str:       It affects your strength (+5).
   rF:        It protects you from fire.
   rPois:     It protects you from poison.
 R - a +5 dagger of electrocution
Missiles
 G - 3 throwing nets
Armour
 a - a +0 robe
 l - +0 steam dragon scales
 y - the +5 scale mail "Xeamyack" (worn) {rElec rF+ Dex+4}
   (You found it on level 5 of the Dungeon)

   Dex:       It affects your dexterity (+4).
   rF:        It protects you from fire.
   rElec:     It insulates you from electricity.
 z - a +3 buckler of protection (worn)
 B - a +2 pair of gloves (worn)
 K - the +0 leather armour "Socysk" {Regen+ Dex+3}
   (You found it on level 8 of the Dungeon)

   Dex:       It affects your dexterity (+3).
   Regen:     It increases your rate of health regeneration.
 T - a +0 hat of willpower (worn)
Jewellery
 c - a ring of see invisible
 j - a +6 ring of strength (right hand)
 E - the ring "Duhiaqo" (left hand) {+Blink rElec Int+4 Dex+6}
   (You found it on level 7 of the Dungeon)

   [ring of dexterity]

   Int:       It affects your intelligence (+4).
   Dex:       It affects your dexterity (+6).
   rElec:     It insulates you from electricity.
   +Blink:    It lets you blink.
 L - a ring of ice
 Q - the ring "Okloebyna" {rPois rN+ SInv}
   (You found it on level 11 of the Dungeon)

   [ring of positive energy]

   rPois:     It protects you from poison.
   rN:        It protects you from negative energy.
   SInv:      It lets you see invisible.
 S - an amulet of the acrobat (around neck)
Wands
 p - a wand of iceblast (12)
 x - a wand of paralysis (5)
 D - a wand of flame (39)
Scrolls
 b - 5 scrolls of butterflies
 f - 6 scrolls of vulnerability
 i - 4 scrolls of fear
 n - a scroll of silence
 o - 3 scrolls of enchant weapon
 t - 2 scrolls of identify
 H - a scroll of magic mapping {unknown}
 I - a scroll of poison {unknown}
 J - 3 scrolls of immolation {unknown}
 M - 2 scrolls of noise {unknown}
 N - a scroll of acquirement {unknown}
 O - 2 scrolls of teleportation {unknown}
 U - a scroll of enchant armour
Potions
 d - 3 potions of flight
 e - 4 potions of curing
 g - 3 potions of brilliance
 h - 5 potions of might
 k - 2 potions of lignification
 q - a potion of mutation
 r - a potion of ambrosia {unknown}
 s - a potion of degeneration {unknown}
 u - 2 potions of haste {unknown}
 v - 2 potions of magic {unknown}
 w - 4 potions of heal wounds {unknown}
 A - 2 potions of cancellation {unknown}
 C - a potion of resistance {unknown}
 F - a potion of berserk rage {unknown}


   Skills:
 * Level 9.9 Fighting
 + Level 5.7 Long Blades
 * Level 9.0 Armour
 + Level 8.2 Dodging
 - Level 3.4 Stealth
 + Level 6.2 Shields
 + Level 6.1 Spellcasting
 + Level 5.4 Invocations
 + Level 5.5 Evocations


You couldn't memorise any spells.
You knew the following spells:

 Your Spells              Type           Power      Damage    Failure   Level
a - Foxfire               Conj/Fire      100%       2x1d9     2%          1
b - Scorch                Fire           70%        2d9       3%          2
c - Conjure Flame         Conj/Fire      35%        6-21      6%          3
d - Inner Flame           Hex/Fire       35%        N/A       6%          3
e - Flame Wave            Conj/Fire      35%        2d10      22%         4
f - Sandblast             Erth           70%        2d15      2%          1
g - Wereblood             Tmut           35%        N/A       3%          2
h - Poisonous Vapours     Pois/Air       70%        N/A       3%          2
i - Portal Projectile     Hex/Tloc       70%        N/A       6%          3
j - Corpse Rot            Necr/Pois/Air  35%        N/A       22%         4
k - Iskenderun's Battles  Conj           35%        2d9       52%         5
Your spell library was empty.

Dungeon Overview and Level Annotations

Branches:
Dungeon (12/15)            Temple (1/1) D:5            Lair (0/5) D:9
    Orc (0/2) D:9

Altars:
Ashenzari
Cheibriados
Dithmenos
Elyvilon
Fedhas
Gozag
Hepliaklqana
Makhleb
Qazlal
Ru
Trog
Uskayaw
Wu Jian
Xom
Yredelemnul
Zin
The Shining One

Shops:
D:1 !   D:4 [


Innate Abilities, Weirdness & Mutations

You are immune to sickness and miasma.
You are immune to poison.
Your flesh is very heat resistant. (rF++)
You are vulnerable to cold. (rC-)
You float through the air rather than walking.
You learn spells naturally, not from books.
Your magical power is your life essence.
You have superior vitality. (+4 MHP)


Message History

You hear an angry growl.
The slime creature is engulfed in blazing flames.
You block the slime creature's attack.
Casting: Foxfire (safe; 2% risk of failure)
Confirm with . or Enter, or press ? or * to list all spells.
Aiming: Inner Flame (mildly dangerous; 6% risk of failure)
Press: ? - help, Dir - move target, f - slime creature
Aim: a slime creature (flame, moderately wounded, chance to affect: 75%)
The slime creature is filled with an inner flame.
The slime creature is engulfed in blazing flames.
Flame seeps out of the slime creature.
You block the slime creature's attack.
The very large slime creature is engulfed in blazing flames.
You block the very large slime creature's attack.
Two slime creatures merge to form an enormous slime creature.
Casting: Inner Flame (mildly dangerous; 6% risk of failure)
Confirm with . or Enter, or press ? or * to list all spells.
Aiming: Inner Flame (mildly dangerous; 6% risk of failure)
Press: ? - help, Dir - move target, f - enormous slime creature, p - slime creature
Aim: an enormous slime creature (flame, lightly wounded, chance to affect: 75%)
The enormous slime creature is filled with an intense inner flame!
The slime creature is engulfed in blazing flames.
Flame seeps out of the slime creature.
The slime creature hits you!
You barely miss the slime creature.
The slime creature is severely wounded.
The slime creature is engulfed in blazing flames.
Flame seeps out of the slime creature.
The slime creature hits you.
You barely miss the slime creature.
The slime creature is severely wounded.
The slime creature is engulfed in blazing flames.
Qazlal accepts your kill.
The slime creature explodes!
The fiery explosion engulfs you. You resist.
The fiery explosion engulfs the enormous slime creature!!
Flame seeps out of the enormous slime creature.
The enormous slime creature is lightly wounded.
The enormous slime creature is engulfed in blazing flames.
Flame seeps out of the enormous slime creature.
The enormous slime creature hits you!!!
Ouch! That really hurt!
You die...

# #. ##. .## #..
.... ..#
#..?.###.#
#.§J#☼## #○@§.#
###§.# .### #..#
....
#..##############
#................
#########.#.....#
#...#'###.#
#.#....##..
#.#....####


You could see an enormous slime creature (inner flame).

Vanquished Creatures
  Gastronok (D:11)
  A hydra (D:11)
  2 boulder beetles
  Erolcha (D:9)
  2 two-headed ogres
  Nergalle (D:10)
  A deep elf pyromancer (D:12)
  An ugly thing (D:11)
  A kobold demonologist (D:11)
  2 gargoyles
  An unseen horror (D:10)
  Maggie (D:6)
  A komodo dragon (D:12)
  4 trolls
  4 hornets
  11 slime creatures (D:12)
  A vampire (D:11)
  5 wyverns
  2 shadows
  6 yaks (D:10)
  4 wargs (D:9)
  5 vampire mosquitoes
  A water moccasin (D:8)
  6 orc warriors
  A black bear (D:6)
  11 ogres
  3 centaurs
  2 phantoms
  2 kobold brigands
  2 bullfrogs
  3 necrophages
  2 scorpions (D:6)
  8 wights
  11 killer bees
  6 howler monkeys
  A jelly (D:2)
  5 hounds
  3 gnoll boudas
  8 orc priests
  7 iguanas
  10 orc wizards
  16 gnolls
  4 adders
  A shadow imp (D:5)
  2 white imps
  An ufetubus (D:5)
  2 worms
  5 dart slugs
  29 orcs
  4 ball pythons
  8 bats
  13 endoplasms
  3 giant cockroaches
  7 hobgoblins
  19 kobolds
  4 quokkas
  5 frilled lizards
  8 goblins
  7 rats
288 creatures vanquished.

Vanquished Creatures (collateral kills)
  Lodul (D:12)
1 creature vanquished.

Vanquished Creatures (others)
  558 foxfires
  2 fungi (D:2)
  6 toadstools (D:2)
566 creatures vanquished.

Grand Total: 855 creatures vanquished

Notes
Turn   | Place    | Note
-------+----------+-------------------------------------------
     0 | D:1      | javelincjr the Djinni Fire Elementalist began the quest for
                  | the Orb.
     0 | D:1      | javelincjr set off with the following spells memorised:
                  | Foxfire, Scorch, Conjure Flame, Inner Flame, Flame Wave.
     0 | D:1      | Reached XP level 1. HP: 15/15 MP: 0/0
   268 | D:1      | Found Jewkisit's Distillery.
   273 | D:1      | Reached XP level 2. HP: 17/21 MP: 0/0
  1035 | D:1      | Reached XP level 3. HP: 10/25 MP: 0/0
  1035 | D:1      | Learned a level 1 spell: Sandblast
  2046 | D:2      | Reached XP level 4. HP: 26/31 MP: 0/0
  2168 | D:2      | Reached skill level 1 in Fighting
  2479 | D:3      | Reached XP level 5. HP: 32/37 MP: 0/0
  2479 | D:3      | Learned a level 2 spell: Wereblood
  2480 | D:3      | Identified the +8 long sword of Amorality {chaos, *Slow
                  | rElec Will+ Str+5}
  2682 | D:3      | Noticed an ogre
  2704 | D:3      | Killed an ogre
  2950 | D:3      | Reached XP level 6. HP: 40/45 MP: 0/0
  4020 | D:4      | Noticed an ogre
  4025 | D:4      | Killed an ogre
  4119 | D:4      | Found Durihiwo's Antique Armour Boutique.
  4136 | D:4      | Reached XP level 7. HP: 37/50 MP: 0/0
  4136 | D:4      | Learned a level 2 spell: Poisonous Vapours
  4865 | D:4      | Found a basalt altar of Yredelemnul.
  4874 | D:4      | Found a sacrificial altar of Ru.
  4921 | D:5      | Entered Level 5 of the Dungeon
  4925 | D:5      | Identified the +5 scale mail "Xeamyack" {rElec rF+ Dex+4}
  5241 | D:5      | Reached skill level 1 in Armour
  5313 | D:5      | Found a staircase to the Ecumenical Temple.
  5329 | Temple   | Entered the Ecumenical Temple
  5353 | Temple   | Became a worshipper of Qazlal Stormbringer
  5531 | D:5      | Reached XP level 8. HP: 51/58 MP: 0/0
  5677 | D:5      | Reached skill level 1 in Shields
  5698 | D:5      | Reached skill level 1 in Long Blades
  5846 | D:5      | Found a shadowy altar of Dithmenos.
  5846 | D:5      | Found a glowing golden altar of the Shining One.
  6005 | D:6      | Noticed Maggie
  6027 | D:6      | Killed Maggie
  6028 | D:6      | Reached skill level 5 in Fighting
  6028 | D:6      | Reached skill level 5 in Dodging
  6031 | D:6      | Reached XP level 9. HP: 25/65 MP: 0/0
  6031 | D:6      | Learned a level 3 spell: Portal Projectile
  6560 | D:6      | Found a broken altar of Ashenzari.
  6907 | D:7      | Noticed a gargoyle
  6908 | D:7      | Reached * piety under Qazlal
  6976 | D:7      | Identified the ring "Duhiaqo" {+Blink rElec Int+4 Dex+6}
  7426 | D:7      | Killed a gargoyle
  7427 | D:7      | Reached skill level 1 in Invocations
  7427 | D:7      | Reached skill level 1 in Evocations
  7676 | D:8      | Noticed a hornet
  7681 | D:7      | Killed a hornet
  7839 | D:8      | Reached skill level 5 in Armour
  7839 | D:8      | Reached XP level 10. HP: 65/73 MP: 0/0
  8170 | D:8      | Found a snail-covered altar of Cheibriados.
  8287 | D:8      | Found a bloodstained altar of Trog.
  8293 | D:8      | Identified the +0 leather armour "Socysk" {Regen+ Dex+3}
  8738 | D:8      | Found a blossoming altar of Fedhas.
  8867 | D:9      | Found a staircase to the Lair.
  9152 | D:9      | Reached ** piety under Qazlal
  9313 | D:9      | Found a staircase to the Orcish Mines.
  9852 | D:9      | Noticed Erolcha
  9867 | D:9      | Killed Erolcha
  9868 | D:9      | Reached skill level 5 in Spellcasting
  9868 | D:9      | Reached XP level 11. HP: 65/80 MP: 0/0
  9868 | D:9      | Learned a level 4 spell: Corpse Rot
  9961 | D:9      | Found a white marble altar of Elyvilon.
 10081 | D:9      | Identified the +4 arbalest of Wisdom {freeze, rPois rF+
                  | Str+5}
 10427 | D:10     | Entered Level 10 of the Dungeon
 10436 | D:10     | Noticed Nergalle
 10824 | D:10     | Noticed a two-headed ogre
 10827 | D:10     | Noticed a boulder beetle
 10845 | D:9      | Killed a boulder beetle
 11051 | D:10     | Killed a two-headed ogre
 11090 | D:10     | Reached *** piety under Qazlal
 11090 | D:10     | Killed Nergalle
 11091 | D:10     | Reached skill level 5 in Shields
 11794 | D:11     | Noticed a boulder beetle
 11798 | D:11     | Noticed a red ugly thing
 11806 | D:11     | Killed a boulder beetle
 11807 | D:11     | Reached XP level 12. HP: 10/88 MP: 0/0
 12512 | D:11     | Identified the ring "Okloebyna" {rPois rN+ SInv}
 12621 | D:11     | Reached skill level 5 in Long Blades
 12796 | D:11     | Noticed a four-headed hydra
 12804 | D:11     | Killed a six-headed hydra
 12852 | D:11     | Noticed Gastronok
 13489 | D:11     | Killed Gastronok
 14073 | D:12     | Reached skill level 5 in Evocations
 14087 | D:12     | Noticed a two-headed ogre
 14093 | D:12     | Killed a two-headed ogre
 14150 | D:12     | Reached skill level 5 in Invocations
 14621 | D:12     | Noticed Lodul
 14624 | D:12     | Killed Lodul
 14632 | D:12     | Reached XP level 13. HP: 33/96 MP: 0/0
 14632 | D:12     | Learned a level 5 spell: Iskenderun's Battlesphere
 15269 | D:12     | Mangled by an enormous slime creature

Illustrated notes

Levels and vault maps discovered:
D:1:      dpeg_arrival_three_same_balls, layout_loops_ring, serial_shops, shop,
          nrook_campfire
D:2:      cheibrodos_fertilizer, layout_basic
D:3:      layout_basic
D:4:      layout_basic, mainiacjoe_overflow_swirl, serial_shops,
          nicolae_stop_n_shop_1
D:5:      layout_cave_pools, gammafunk_temple_overflow_wave,
          minmay_temple_entry_ruins
D:6:      cheibrodos_quashed, layout_cave_pools, evilmike_ruin_ashenzari,
          uniq_maggie
D:7:      layout_rooms
D:8:      layout_layer_cave, mainiacjoe_overflow_paths, lightli_temple_of_fire,
          fedhas_altar_1
D:9:      layout_basic, old_standard_altar, mainiacjoe_overflow_tiny_flanked,
          nicolae_overflow_hidden_temple, lair_entry_dummy,
          minmay_orc_entry_guard_dogs, uniq_harold, uniq_erolcha
D:10:     cheibrodos_barr_body, layout_rooms,
          nicolae_kikubaaqudgha_miasma_corner, amcnicky_mini_pool_small,
          uniq_nergalle
D:11:     layout_layer_cave, uniq_gastronok
D:12:     lemuel_bear_cage, layout_basic, serial_shops, nicolae_take_the_stairs,
          lemuel_flamethrower_3, uniq_lodul
Temple:   hellmonk_temple_rainy

Skill      XL: |  1  2  3  4  5  6  7  8  9 10 11 12 13 |
---------------+----------------------------------------+-----
Stealth        | 2 3 |  3.4
Dodging        | 3 4 5 6 7 8 |  8.2
Fighting       | 1 2 3 4 5 6 7 8 9 |  9.9
Spellcasting   | 3 4 5 6 |  6.1
Armour         | 1 3 5 6 7 8 9 |  9.0
Shields        | 2 3 4 5 6 |  6.2
Long Blades    | 2 3 4 5 |  5.7
Invocations    | 1 3 4 5 |  5.4
Evocations     | 1 3 4 5 |  5.5

Action                   |  1- 3 |  4- 6 |  7- 9 | 10-12 | 13-15 || total
-------------------------+-------+-------+-------+-------+-------++-------
Melee: Unarmed           |     5 |       |       |       |       ||     5
       Long sword        |       |    29 |   108 |   156 |    15 ||   308
       Punch             |       |     1 |       |       |       ||     1
 Cast: Foxfire           |    76 |    64 |    77 |   102 |     8 ||   327
       Sandblast         |       |    11 |       |     3 |       ||    14
       Scorch            |       |     2 |    13 |    11 |       ||    26
       Poisonous Vapours |       |       |     6 |    32 |       ||    38
       Wereblood         |       |       |     3 |     1 |       ||     4
       Inner Flame       |       |       |     4 |    75 |     8 ||    87
       Conjure Flame     |       |       |     1 |     1 |       ||     2
       Portal Projectile |       |       |       |     1 |       ||     1
       Corpse Rot        |       |       |       |     4 |       ||     4
       Flame Wave        |       |       |       |     1 |       ||     1
Invok: Upheaval          |       |       |       |     1 |       ||     1
       Elemental Force   |       |       |       |     1 |       ||     1
  Use: Scroll            |       |       |    14 |     2 |       ||    16
       Potion            |       |       |     1 |       |       ||     1
 Stab: Sleeping          |       |       |     2 |       |       ||     2
       Petrifying        |       |       |       |     2 |       ||     2
Armor: Robe              |       |     2 |    12 |       |       ||    14
       Skin              |       |       |    34 |       |       ||    34
       Scale mail        |       |       |    14 |    48 |     2 ||    64
       Steam dragon scal |       |       |     2 |       |       ||     2
Dodge: Dodged            |    14 |    19 |    69 |   106 |     2 ||   210
Block: Buckler           |       |       |    48 |   121 |     7 ||   176
